AoeStats
← Skillest

Arabia

504113470Analyzed
2v2 RM · 29d ago on Sep 4, 2026· 48m 29s· 4 players
Game mode
Random Map
Map size
Medium (4 player)
Population
200
Speed
Normal
Resources
Standard
Victory
Conquest
Starting age
Dark Age
Ending age
Imperial Age
RankedLock teamsTeams togetherTeam positionsShared explorationLock speedFull tech treeHidden civsTurbo modeCheats
Victory
Defeat
🇺🇸 Cumans · United States
1015
+13
🇧🇷 Cumans · Brazil
978
+15
🇺🇸 Teutons · United States
952
-41
🇺🇸 Burgundians · United States
952
-41
LDRI | LucanoO
10:14 Loom
12:00 Feudal Age
13:44 Wheelbarrow
12:51 Horse Collar
12:56 Double-Bit Axe
18:05 Gold Mining
20:40 Stone Mining
24:52 Castle Age
23:19 Bloodlines
24:20 Scale Barding Armor
24:55 Forging
25:51 Fletching
26:06 Scale Mail Armor
26:57 Gold Shaft Mining
26:25 Heavy Plow
26:36 Bow Saw
30:13 Iron Casting
31:03 Chain Barding Armor
39:50 Imperial Age
39:57 Imperial Age
40:02 Cavalier
41:21 Plate Barding Armor
41:48 Blast Furnace
41:47 Crop Rotation
42:32 Two-Man Saw
44:42 Paladin
dollarstoresrock
5:17 Loom
12:26 Feudal Age
21:04 Castle Age
19:31 Horse Collar
20:26 Double-Bit Axe
22:14 Bloodlines
24:41 Bow Saw
24:34 Heavy Plow
27:32 Forging
32:32 Imperial Age
30:39 Forging
30:35 Scale Barding Armor
32:58 Iron Casting
33:19 Wheelbarrow
33:11 Chain Barding Armor
33:00 Gold Mining
34:46 Blast Furnace
34:42 Gold Shaft Mining
33:47 Cavalier
35:35 Hand Cart
36:09 Crop Rotation
36:24 Plate Barding Armor
36:53 Two-Man Saw
36:35 Paladin
37:53 Conscription
39:13 Stone Mining
41:31 Murder Holes
41:56 Ballistics
42:37 Chemistry
41:41 Fletching
42:18 Bodkin Arrow
45:18 Hoardings
46:43 Padded Archer Armor
Skillest
11:06 Feudal Age
11:07 Loom
11:58 Double-Bit Axe
15:32 Horse Collar
16:10 Forging
16:33 Scale Barding Armor
23:51 Castle Age
23:37 Bloodlines
24:06 Stone Mining
24:07 Gold Mining
23:54 Pikeman
25:32 Scale Mail Armor
27:23 Squires
27:32 Heavy Plow
28:11 Squires
34:52 Iron Casting
34:39 Chain Barding Armor
40:35 Chain Mail Armor
40:15 Fletching
41:13 Bow Saw
Animorpher
7:11 Double-Bit Axe
8:10 Wheelbarrow
7:21 Loom
11:00 Feudal Age
13:57 Hand Cart
17:48 Horse Collar
18:25 Bow Saw
21:12 Castle Age
20:48 Forging
21:54 Pikeman
22:35 Squires
22:22 Arson
23:39 Heavy Plow
25:43 Iron Casting
25:11 Scale Mail Armor
25:17 Scale Barding Armor
24:38 Cavalier
25:19 Husbandry
26:02 Light Cavalry
34:53 Masonry
36:40 Two-Man Saw
36:12 Crop Rotation
38:18 Ballistics
39:10 Ballistics
40:03 Caravan
40:47 Chain Mail Armor
40:53 Chain Barding Armor
41:27 Burgundian Vineyards
41:59 Gold Mining
45:49 Imperial Age
46:57 Conscription
46:02 Elite Coustillier
46:06 Paladin
46:35 Halberdier
Connection lost

Rejoining the realm…

Still unreachable

The connection could not be restored.

Session expired

The server has moved on; the page needs a fresh start.